 Dungeon Crawl Stone Soup version 0.25.1-8-g42b30a86e7 (webtiles) character file.

Game seed: 1666654901154501104

86 hawla the Conjurer (level 4, -4/33 HPs)
             Began as a Draconian Conjurer on Dec 1, 2020.
             Shot with an arrow by a centaur (14 damage)
             ... on level 3 of the Dungeon.
             The game lasted 00:10:47 (2201 turns).

hawla the Conjurer (Draconian Conjurer)             Turns: 2201, Time: 00:10:48

Health: -4/33      AC:  5    Str: 10    XL:     4   Next: 26%
Magic:  7/10       EV: 12    Int: 16    God:
Gold:   89         SH:  0    Dex: 12    Spells: 4/11 levels left

rFire    + . .     SeeInvis .   p - +0 quarterstaff
rCold    + . .     Gourm    .   (shield currently unavailable)
rNeg     + . .     Faith    .   (armour unavailable)
rPois    .         Spirit   .   (helmet restricted)
rElec    .         Reflect  .   d - scarf {rC+ rF+}
rCorr    .         Harm     .   (no gloves)
MR       .....                  (no boots)
Stlth    +++.......             (no amulet)
HPRegen  0.11/turn              j - ring of positive energy
MPRegen  0.12/turn              o - ring of stealth

@: no status effects
A: unfitting armour, cold-blooded, AC +5
a: no special abilities


You were on level 3 of the Dungeon.
You were not hungry.

You visited 1 branch of the dungeon, and saw 3 of its levels.

You collected 89 gold pieces.

Inventory:

Hand Weapons
 p - a +0 quarterstaff (weapon)
Missiles
 g - 3 curare-tipped darts (quivered)
 n - 17 poisoned darts
Armour
 d - a scarf of resistance (worn)
Jewellery
 j - a ring of positive energy (left hand)
 o - a ring of stealth (right hand)
Scrolls
 f - a scroll of fog {unknown}
 h - 3 scrolls of identify {unknown}
 k - a scroll of remove curse {unknown}
 r - a scroll of blinking {unknown}
Potions
 a - a potion of magic {unknown}
 c - a potion of mutation {unknown}
 e - a potion of haste {unknown}
 i - 4 potions of curing {unknown}
 l - 2 potions of lignification {unknown}
 m - a potion of might {unknown}
Comestibles
 b - 3 rations
 q - a chunk of flesh


   Skills:
 - Level 1.7 Dodging
 - Level 1.7 Stealth
 - Level 4.0 Spellcasting
 - Level 4.0 Conjurations
 + Level 1.1 Translocations


You had 4 spell levels left.
You knew the following spells:

 Your Spells              Type           Power        Failure   Level  Hunger
a - Magic Dart            Conj           ###.         3%          1    None
b - Searing Ray           Conj           ###...       4%          2    ##.....
c - Iskenderun's Mystic   Conj/Tloc      ##......     52%         4    ####...

Your spell library contained the following spells:

 Spells                   Type           Power        Failure   Level  Hunger
 Dazzling Flash           Conj/Hex       #.....       22%         3    ###....
 Fulminant Prism          Conj/Hex       #.........   58%         4    ####...


Dungeon Overview and Level Annotations

Branches:
Dungeon (3/15)

Altars:
Gozag
Nemelex Xobeh


Innate Abilities, Weirdness & Mutations

Your plain brown scales are hard. (AC +5)
You cannot fit into any form of body armour.
You are cold-blooded and may be slowed by cold attacks.


Message History

Press: ? - help, Shift-Dir - straight line, f/p - jackal
Aim: a jackal The searing ray hits the jackal.
You kill the jackal! (Press . to maintain the ray.) Unknown command.
A centaur comes into view.
The centaur shouts!
The centaur wields a +0 shortbow.
The centaur shoots an arrow.
The arrow closely misses you.
The centaur shoots an arrow.
The arrow misses you.
The centaur shoots an arrow.
The arrow hits you!
You see here 2 arrows.
The centaur shoots an arrow.
The arrow hits you!
You see here an arrow.
The centaur shoots an arrow.
The arrow hits you.
Your magical contamination has completely faded away.
You see here an arrow.
The centaur shoots an arrow.
The arrow hits you!
You die...

#######...####......
................[.##
......(......†......
.................#
..###.#..†#.##.#.#
#.#(..#.# ..
#..(....######
#.#(.......#
#.#@.......#
#....c.....#
#.#........#
###.#.##.....#
...........###
####.#.##.###
###)#......#
#....^...#...
#.#####..#..#.


You could see a centaur.

Vanquished Creatures
  Robin (D:2)
  3 adders
  6 bats
  4 giant cockroaches
  11 goblins
  6 hobgoblins
  2 jackals (D:3)
  A ball python (D:2)
  2 frilled lizards
  4 kobolds
  5 rats
45 creatures vanquished.

Notes
Turn   | Place    | Note
-------+----------+-------------------------------------------
     0 | D:1      | hawla the Draconian Conjurer began the quest for the Orb.
     0 | D:1      | Reached XP level 1. HP: 14/14 MP: 3/3
   237 | D:1      | Reached XP level 2. HP: 5/20 MP: 0/5
  1326 | D:2      | Reached XP level 3. HP: 26/26 MP: 5/7
  1330 | D:2      | Learned a level 2 spell: Searing Ray
  1403 | D:2      | Found an opulent altar of Gozag.
  1403 | D:2      | Found a sparkling altar of Nemelex Xobeh.
  1483 | D:2      | Noticed Robin
  1488 | D:2      | Killed Robin
  2028 | D:3      | Reached XP level 4. HP: 33/33 MP: 6/10
  2038 | D:3      | Learned a level 4 spell: Iskenderun's Mystic Blast
  2130 | D:3      | Reached skill level 1 in Translocations
  2191 | D:3      | Noticed a centaur
  2201 | D:3      | Shot with an arrow by a centaur

Illustrated notes

Levels and vault maps discovered:
D:1:      wander_arrival_fairy_ring, layout_rooms
D:2:      layout_loops_ring, grunt_temple_overflow_opulence, uniq_robin
D:3:      layout_loops_cross, elyvilon_altar_5, first_ration, uniq_jessica

Skill      XL: |  1  2  3  4 |
---------------+-------------+-----
Spellcasting   | 3 4 |  4.0
Translocations | 1 |  1.1
Dodging        | |  1.7
Stealth        | |  1.7
Conjurations   | |  4.0

Action                   |  1- 3 |  4- 6 || total
-------------------------+-------+-------++-------
Melee: Whip              |    24 |       ||    24
       Tailslap          |     3 |       ||     3
       Unarmed           |     1 |       ||     1
 Cast: Magic Dart        |    45 |     4 ||    49
       Searing Ray       |     4 |     4 ||     8
  Eat: Chunk             |     3 |     1 ||     4
Armor: Skin              |    20 |       ||    20
Dodge: Dodged            |    42 |     4 ||    46
